 Dungeon Crawl Stone Soup version 0.20.1-2-g1830e616b0 (webtiles) character file.

164 Alfie the Shooter (level 5, 0/45 HPs)
             Began as a Minotaur Hunter on Feb 11, 2020.
             Slain by Sigmund
             ... wielding a +0 scythe
              (11 damage)
             ... on level 2 of the Dungeon.
             The game lasted 00:06:15 (1964 turns).

Alfie the Shooter (Minotaur Hunter)                 Turns: 1964, Time: 00:06:16

Health: 0/45       AC:  3    Str: 18    XL:     5   Next: 21%
Magic:  4/4        EV: 12    Int:  8    God:
Gold:   135        SH:  0    Dex: 10    Spells: 4/4 levels left

rFire    . . .     SeeInvis .   b - +0 short sword
rCold    . . .     Gourm    .   (no shield)
rNeg     . . .     Faith    .   c - +0 leather armour
rPois    .         Spirit   .   (helmet restricted)
rElec    .         Reflect  .   (no cloak)
rCorr    .         Harm     .   (no gloves)
MR       .....                  (no boots)
Stlth    +.........             (no amulet)
Regen    0.2/turn               (no ring)
MPRegen  0.1/turn               (no ring)

@: no status effects
A: retaliatory headbutt, horns 2
a: no special abilities


You were on level 2 of the Dungeon.
You were not hungry.

You visited 1 branch of the dungeon, and saw 2 of its levels.

You collected 135 gold pieces.

Inventory:

Hand Weapons
 a - a +1 shortbow
 b - a +0 short sword (weapon)
Missiles
 d - 64 arrows
Armour
 c - a +0 leather armour (worn)
Scrolls
 k - a scroll of identify
 l - a scroll of enchant weapon {unknown}
 m - a scroll of enchant armour {unknown}
 n - a scroll of immolation {unknown}
 p - a scroll of amnesia {unknown}
 r - a scroll of recharging {unknown}
 s - a scroll of remove curse
Potions
 e - 2 potions of curing {unknown}
 h - 3 potions of magic
 i - 2 potions of brilliance
 o - a potion of heal wounds {unknown}
 t - a potion of flight {unknown}
Comestibles
 f - 3 bread rations
 g - 2 meat rations
 q - 3 fruits


   Skills:
 + Level 3.3 Fighting
 + Level 6.5 Bows
 + Level 0.8 Armour
 + Level 2.5 Dodging
 + Level 1.0 Stealth


You had 4 spell levels left.
You didn't know any spells.

Dungeon Overview and Level Annotations

Branches:
Dungeon (2/15)

Altars:

Annotations:
D:2 Sigmund


Innate Abilities, Weirdness & Mutations

You reflexively headbutt those who attack you in melee.
You have a pair of horns on your head.


Message History

Press: ? - help, Shift-Dir - straight line, f - you Really target yourself?
Okay, then.
As you read the scroll labeled TIAMAI OLEWU, it crumbles to dust.
It is a scroll of identify.
h - 3 potions of magic
As you read the scroll of identify, it crumbles to dust.
i - 2 potions of brilliance Wield which item (- for none, * to show all)? (? for menu, Esc to quit)
b - a +0 short sword (weapon)
Number of times to repeat, then command key: You must enter the number of times for the command to repeat.
Something hits you!
You closely miss something. Your headbutt misses something. Something hits you.
You barely miss something. Your headbutt misses something.
Your leather armour prevents you from hitting something.
Your headbutt misses something. Something hits you!
* * * LOW HITPOINT WARNING * * *
You miss something. Something hits you!
You die...

########################
................@{...(..
########################
###### .....#######
...........################
.........^.'.............>#
...........################
...................#


There were no monsters in sight!

Vanquished Creatures
  Terence (D:2)
  4 gnolls (D:2)
  4 adders (D:2)
  3 worms (D:2)
  A dart slug (D:1)
  2 leopard geckos (D:1)
  4 bats
  A giant cockroach (D:1)
  9 hobgoblins
  3 jackals (D:2)
  2 quokkas (D:2)
  3 frilled lizards
  8 goblins
  5 kobolds
  4 rats
54 creatures vanquished.

Notes
Turn   | Place    | Note
-------+----------+-------------------------------------------
     0 | D:1      | Alfie the Minotaur Hunter began the quest for the Orb.
     0 | D:1      | Reached XP level 1. HP: 18/18 MP: 0/0
   206 | D:1      | Reached XP level 2. HP: 25/25 MP: 1/1
   252 | D:1      | Reached skill level 5 in Bows
   920 | D:2      | Reached XP level 3. HP: 11/30 MP: 2/2
  1077 | D:2      | Noticed Terence
  1081 | D:2      | Killed Terence
  1081 | D:2      | Reached XP level 4. HP: 17/38 MP: 3/3
  1272 | D:2      | Reached skill level 1 in Stealth
  1392 | D:2      | Reached skill level 6 in Bows
  1621 | D:2      | Reached XP level 5. HP: 41/45 MP: 4/4
  1954 | D:2      | Noticed Sigmund
  1964 | D:2      | Slain by Sigmund

Skill      XL: |  1  2  3  4 |
---------------+-------------+-----
Bows           | 5 6 |  6.5
Fighting       | 3 |  3.3
Stealth        | 1 |  1.0
Armour         | |  0.8
Dodging        | |  2.5

Action                   |  1- 3 |  4- 6 || total
-------------------------+-------+-------++-------
Melee: Short sword       |     1 |     4 ||     5
 Fire: Shortbow          |    76 |    86 ||   162
  Use: Scroll            |     1 |     3 ||     4
  Eat: Royal jelly       |       |     1 ||     1
       Fruit             |       |     1 ||     1
Armor: Leather armour    |     5 |     3 ||     8
Dodge: Dodged            |    11 |    21 ||    32
